[Event "Wednesday Jan 17th Engine Tour 9Rd Swiss 12m+1s Starts at 1600hrs ST"]
[Site "Infinity Chess"]
[Date "2018.1.17"]
[Round "7"]
[White "marudam"]
[Black "KhalidOmar"]
[Result "1/2-1/2"]
[ECO "C58"]
[WhiteElo "2444"]
[BlackElo "2458"]
[WhiteEngine "stockfish291217_CTG"]
[BlackEngine "Eman 1.62 64-bit BMI2"]
[EventType "Swiss"]
[WhiteTeam ""]
[BlackTeam ""]
[PlyCount "101"]
[TimeControl "720+1"]

1. e4 e5 2. Nf3 Nc6 3. Bc4 Nf6 4. Ng5 d5 5. exd5 Na5 6. Bb5+ c6 7. dxc6 bxc6 
8. Bd3 Nd5 9. h4 h6 10. Qh5 Qf6 11. Nh7 Rxh7 12. Bxh7 g6 13. Qe2 Nf4 14. Qf3 Bb7 
15. Nc3 Qg7 16. d3 c5 17. Ne4 O-O-O 18. Bxf4 exf4 19. Qg4+ f5 20. Qxg6 fxe4 
21. Qxg7 Bxg7 22. Bxe4 Bxe4 23. dxe4 Bxb2 24. Rd1 Re8 25. Rd5 Rxe4+ 26. Kd1 Rc4 
27. Rd6 Kc7 28. Rxh6 Nc6 29. Rh7+ Kb6 30. Rh6 Kc7 31. Rh7+ Kd6 32. Rh3 Nd4 
33. Rd3 Kc6 34. Rh6+ Kd5 35. Rh5+ Ke6 36. Rh6+ Ke5 37. Rh5+ Kf6 38. Rh6+ Kg7 
39. Rd6 Rxc2 40. R6xd4 Rc1+ 41. Kd2 cxd4 42. Rb3 Rf1 43. Rxb2 Rxf2+ 44. Kc1 Rxb2 
45. Kxb2 Kh6 46. Kc2 Kh5 47. Kd3 Kxh4 48. Kxd4 Kg3 49. Ke5 Kg4 50. a3 a6 51. a4 
1/2-1/2

[Event "Wednesday Jan 17th Engine Tour 9Rd Swiss 12m+1s Starts at 1600hrs ST"]
[Site "Infinity Chess"]
[Date "2018.1.17"]
[Round "7"]
[White "RonWeasley"]
[Black "Ninja_Bp"]
[Result "1/2-1/2"]
[ECO "C55"]
[WhiteElo "2454"]
[BlackElo "2460"]
[WhiteEngine "BrainFish 130117_CTG"]
[BlackEngine "Houdini 6"]
[EventType "Swiss"]
[WhiteTeam ""]
[BlackTeam ""]
[PlyCount "165"]
[TimeControl "720+1"]

1. e4 e5 2. Nf3 Nc6 3. Bc4 Nf6 4. d3 Bc5 5. c3 d6 6. Bb3 a5 7. O-O O-O 8. a4 h6 
9. h3 Re8 10. Re1 Ba7 11. Na3 Ne7 12. Bc2 c6 13. d4 exd4 14. cxd4 d5 15. e5 Ne4 
16. Nb1 c5 17. Nbd2 Nxd2 18. Bxd2 cxd4 19. Nh4 Bc5 20. Qf3 Nc6 21. Qg3 Kf8 
22. Rad1 Ra6 23. Bd3 Rb6 24. Bb5 d3 25. Kh1 d4 26. Bc1 Bb4 27. Re4 Qd5 
28. Qxd3 Be6 29. Bd2 Bxd2 30. Rxd2 Qb3 31. Qxb3 Bxb3 32. Nf5 Bd5 33. Ree2 g6 
34. Nd6 Rd8 35. f4 f6 36. Bxc6 bxc6 37. Rxd4 Rdb8 38. exf6 Rxb2 39. Rdd2 Rxd2 
40. Rxd2 Kg8 41. Kh2 Rf8 42. f7+ Bxf7 43. Nxf7 Kxf7 44. Rc2 Rd8 45. Rxc6 Rd4 
46. Kg3 Rxa4 47. Rc7+ Ke6 48. Kg4 Kd5 49. Rh7 Ra2 50. g3 h5+ 51. Kh4 Ke6 
52. Rb7 Kf6 53. Rb6+ Kf5 54. Rb5+ Kf6 55. g4 hxg4 56. hxg4 Rh2+ 57. Kg3 Ra2 
58. Kh4 Rh2+ 59. Kg3 Ra2 60. Rb6+ Kg7 61. Ra6 g5 62. f5 Ra3+ 63. Kf2 Kf7 
64. Rg6 a4 65. Rxg5 Rb3 66. f6 a3 67. Ra5 a2 68. g5 Rb2+ 69. Ke3 Rb3+ 
70. Kd4 Kg6 71. Rxa2 Rb4+ 72. Ke5 Rb5+ 73. Ke6 Rb6+ 74. Kd7 Rb5 75. Rf2 Rb7+ 
76. Kc6 Ra7 77. Kb6 Ra8 78. Rg2 Rd8 79. Kc5 Ra8 80. Kc4 Ra4+ 81. Kd3 Ra3+ 
82. Kd4 Ra4+ 83. Kd5 1/2-1/2

[Event "Wednesday Jan 17th Engine Tour 9Rd Swiss 12m+1s Starts at 1600hrs ST"]
[Site "Infinity Chess"]
[Date "2018.1.17"]
[Round "7"]
[White "Thinker"]
[Black "Harry_Potter"]
[Result "1/2-1/2"]
[ECO "C50"]
[WhiteElo "2448"]
[BlackElo "2464"]
[WhiteEngine "BrainFish_180113_x64_modern_CTG"]
[BlackEngine "Stockfish_18011309_x64_bmi2_CTG"]
[EventType "Swiss"]
[WhiteTeam ""]
[BlackTeam ""]
[PlyCount "146"]
[TimeControl "720+1"]

1. e4 e5 2. Nf3 Nc6 3. Bc4 Bc5 4. O-O Nf6 5. d3 d6 6. c3 a5 7. h3 O-O 
8. Nbd2 Be6 9. Bb5 h6 10. Re1 Qb8 11. Nf1 Qa7 12. Be3 Bxe3 13. Nxe3 Ne7 
14. a4 Ng6 15. Bc4 Bxc4 16. Nxc4 Qa6 17. b3 Rfe8 18. Qc2 Qc6 19. d4 exd4 
20. Nxd4 Qc5 21. Nf5 Ne5 22. Nce3 Nc6 23. Ng4 Nxg4 24. hxg4 Rab8 25. Qb2 g6 
26. Nxh6+ Kg7 27. Qd2 f6 28. g5 Qxg5 29. Qxg5 fxg5 30. Ng4 Ne5 31. Nxe5 Rxe5 
32. f3 g4 33. Kf2 gxf3 34. gxf3 Rc5 35. Rec1 Rh8 36. b4 Rh2+ 37. Ke3 Rch5 
38. Rd1 Kf6 39. Rd4 axb4 40. cxb4 Rc2 41. Rdd1 Rhh2 42. b5 Rhe2+ 43. Kd4 b6 
44. Rac1 g5 45. Rxc2 Rxc2 46. Kd5 Rc3 47. Rd2 Kg6 48. Rf2 Kf6 49. f4 gxf4 
50. Rxf4+ Ke7 51. Rf5 Rc5+ 52. Kd4 Rc2 53. Kd5 Rc5+ 54. Kd4 Rc2 55. Kd5 Re2 
56. Kc6 Rc2+ 57. Kb7 Rc4 58. Rh5 Rxe4 59. a5 bxa5 60. Kxc7 Rc4+ 61. Kb7 a4 
62. b6 a3 63. Ra5 d5 64. Rxa3 d4 65. Ra1 d3 66. Rd1 Rc3 67. Ka7 Ra3+ 68. Kb8 Kd6 
69. b7 Kd7 70. Rd2 Rb3 71. Rd1 Ra3 72. Rd2 Rb3 73. Rd1 Ra3 1/2-1/2

[Event "Wednesday Jan 17th Engine Tour 9Rd Swiss 12m+1s Starts at 1600hrs ST"]
[Site "Infinity Chess"]
[Date "2018.1.17"]
[Round "7"]
[White "Vimtiroba"]
[Black "Eman"]
[Result "1/2-1/2"]
[ECO "C55"]
[WhiteElo "2500"]
[BlackElo "2470"]
[WhiteEngine "SF@Infinity T1_CTG"]
[BlackEngine "Eman 1.62 64-bit POPCNT"]
[EventType "Swiss"]
[WhiteTeam ""]
[BlackTeam ""]
[PlyCount "148"]
[TimeControl "720+1"]

1. e4 e5 2. Nf3 Nc6 3. Bc4 Nf6 4. d3 Bc5 5. c3 a5 6. O-O d6 7. Bg5 O-O 8. Re1 h6 
9. Bh4 g5 10. Bg3 g4 11. Bh4 gxf3 12. Qxf3 Kg7 13. Nd2 Be6 14. Rad1 Bxc4 
15. Nxc4 Qe7 16. d4 exd4 17. Qg3+ Kh7 18. Qf4 Qe6 19. Bxf6 dxc3 20. Bxc3 f5 
21. e5 d5 22. Nd2 a4 23. Nf3 Rg8 24. h3 Rg7 25. Kf1 a3 26. b3 Rd8 27. Bd2 d4 
28. b4 Nxb4 29. Bxb4 Bxb4 30. Nxd4 Qc4+ 31. Ne2 Qxf4 32. Nxf4 Rd2 33. Rb1 c5 
34. e6 Re7 35. Re2 Rd4 36. g3 Bd2 37. Rb5 Bxf4 38. gxf4 Rxf4 39. Rxc5 Kg6 
40. Ree5 Rf3 41. Kg2 Rd3 42. Ra5 b6 43. Ra6 Kf6 44. Re3 Rxe3 45. fxe3 Rxe6 
46. Rxa3 Ke5 47. Kf3 Kf6 48. Kf4 h5 49. Kf3 Rc6 50. Kf4 Rc4+ 51. Kf3 Rh4 
52. Kf2 b5 53. Ra6+ Kg5 54. Kg3 Rc4 55. a3 f4+ 56. exf4+ Rxf4 57. Rb6 h4+ 
58. Kg2 Rf5 59. Re6 Kf4 60. Rh6 Rg5+ 61. Kh2 Rf5 62. Rxh4+ Kg5 63. Rg4+ Kf6 
64. Kg3 Rc5 65. a4 Rh5 66. Rf4+ Ke6 67. a5 b4 68. h4 b3 69. a6 Ra5 70. Rb4 Kf5 
71. h5 Rxa6 72. Rxb3 Ra1 73. Rc3 Ra4 74. Rb3 Ra1 1/2-1/2

[Event "Wednesday Jan 17th Engine Tour 9Rd Swiss 12m+1s Starts at 1600hrs ST"]
[Site "Infinity Chess"]
[Date "2018.1.17"]
[Round "7"]
[White "Marsell"]
[Black "hafaba"]
[Result "1/2-1/2"]
[ECO "B00"]
[WhiteElo "2474"]
[BlackElo "2479"]
[WhiteEngine "asmFishW_2018-01-11_popcnt"]
[BlackEngine "Stockfish SL 07012018 POPCNT_CTG"]
[EventType "Swiss"]
[WhiteTeam ""]
[BlackTeam ""]
[PlyCount "90"]
[TimeControl "720+1"]

1. e4 Nc6 2. d4 d5 3. e5 Bf5 4. c3 e6 5. Nd2 f6 6. Ngf3 fxe5 7. Nxe5 Nxe5 
8. dxe5 c6 9. Nf3 Bc5 10. Nd4 Ne7 11. Be2 O-O 12. O-O Qb6 13. Nb3 Rf7 
14. Nxc5 Qxc5 15. Be3 Qa5 16. f4 c5 17. Qd2 Qc7 18. Bh5 g6 19. Bf3 c4 20. g4 Bd3 
21. Rf2 Raf8 22. Re1 h5 23. h3 Rg7 24. gxh5 Nf5 25. Kh2 Kh8 26. Rg1 gxh5 
27. Rfg2 Nh4 28. Rxg7 Nxf3+ 29. Kg3 Qxg7+ 30. Kxf3 Be4+ 31. Ke2 Qh7 32. Qe1 Rg8 
33. Rxg8+ Qxg8 34. Qh4 Qg2+ 35. Ke1 Qh1+ 36. Kd2 Qg2+ 37. Ke1 Qh1+ 38. Kd2 Qf3 
39. Qf6+ Kh7 40. Qxe6 Qg2+ 41. Ke1 Qh1+ 42. Kd2 Qg2+ 43. Ke1 Qh1+ 44. Kd2 Qh2+ 
45. Ke1 Qh1+ 1/2-1/2

[Event "Wednesday Jan 17th Engine Tour 9Rd Swiss 12m+1s Starts at 1600hrs ST"]
[Site "Infinity Chess"]
[Date "2018.1.17"]
[Round "6"]
[White "OlivierEvan"]
[Black "CrapCleaner"]
[Result "1/2-1/2"]
[ECO "C24"]
[WhiteElo "2405"]
[BlackElo "2410"]
[WhiteEngine "Houdini 6"]
[BlackEngine "Raubfisch ME262_GTZ16b3._CTG"]
[EventType "Swiss"]
[WhiteTeam ""]
[BlackTeam ""]
[PlyCount "131"]
[TimeControl "720+1"]

1. e4 e5 2. Bc4 Nf6 3. d3 Nc6 4. Nf3 Bc5 5. c3 O-O 6. O-O d6 7. Bg5 h6 8. Bh4 a5 
9. a4 Be6 10. Nbd2 Qe7 11. Re1 g5 12. Bg3 Ne8 13. Bxe6 fxe6 14. Nc4 Qf7 
15. Qb3 Rb8 16. Rf1 g4 17. Nh4 Ng7 18. Ne3 Qh5 19. Rad1 Rf7 20. Qc4 Rbf8 
21. d4 Bb6 22. Kh1 Kh7 23. Qe2 exd4 24. Nxg4 e5 25. h3 Qg5 26. Rd3 Ne6 
27. Nf5 Rxf5 28. exf5 Nc5 29. Rdd1 Qxf5 30. cxd4 Nxd4 31. Qc4 Qe6 32. Ne3 Qxc4 
33. Nxc4 Nxa4 34. f4 Nf5 35. Bf2 Bxf2 36. Rxf2 e4 37. Kh2 Nc5 38. g4 b5 
39. Nxa5 Ne3 40. Rg1 Nd5 41. f5 e3 42. Re2 Re8 43. Kg3 Ne4+ 44. Kh2 Nd2 
45. Kg3 Re4 46. Nc6 b4 47. Rc1 h5 48. Rc2 Nf1+ 49. Kf3 Rf4+ 50. Kg2 Kh8 
51. Rc1 Nd2 52. Ne7 Nxe7 53. Rxe3 Ng8 54. Rxc7 hxg4 55. hxg4 Rxg4+ 56. Rg3 Rxg3+ 
57. Kxg3 Nf6 58. Rb7 Nd5 59. f6 Kg8 60. Kg4 Nxf6+ 61. Kf5 Nd5 62. Rb5 Ne3+ 
63. Ke6 b3 64. Kxd6 Nec4+ 65. Kd5 Nxb2 66. Rxb3 1/2-1/2

[Event "Wednesday Jan 17th Engine Tour 9Rd Swiss 12m+1s Starts at 1600hrs ST"]
[Site "Infinity Chess"]
[Date "2018.1.17"]
[Round "6"]
[White "ivrdurant"]
[Black "avilllaa"]
[Result "1/2-1/2"]
[ECO "B90"]
[WhiteElo "2399"]
[BlackElo "2456"]
[WhiteEngine "Raubfisch X37b3._CTG"]
[BlackEngine "Cryptic AIL V1"]
[EventType "Swiss"]
[WhiteTeam ""]
[BlackTeam ""]
[PlyCount "96"]
[TimeControl "720+1"]

1. e4 c5 2. Nf3 d6 3. d4 cxd4 4. Nxd4 Nf6 5. Nc3 a6 6. Be3 e5 7. Nb3 Be7 
8. Be2 O-O 9. g4 a5 10. g5 Ne8 11. h4 Nc7 12. Nd2 b5 13. Bb6 Nd7 14. Bxc7 Qxc7 
15. Bxb5 Nb6 16. Nc4 d5 17. Nxb6 Qxb6 18. exd5 a4 19. Rb1 Rb8 20. a3 Bc5 
21. O-O f6 22. g6 Bh3 23. Bc6 Bxf1 24. Qxf1 Bd6 25. Bd7 Kh8 26. Bf5 e4 
27. Qe2 Rfe8 28. Nxe4 Bxa3 29. b4 Re5 30. Qh5 h6 31. c3 Rxd5 32. Qf3 Qc6 
33. Nxf6 Qxf6 34. Qxd5 Rf8 35. Rd1 Qxc3 36. Qd4 Qf3 37. Qg4 Qc3 38. Rd3 Qe1+ 
39. Kg2 Bxb4 40. Qe4 a3 41. Qxe1 Bxe1 42. Rxa3 Bxf2 43. Kh3 Bc5 44. Rf3 h5 
45. Be4 Rxf3+ 46. Bxf3 Kg8 47. Bxh5 Bf2 48. Bf3 Bxh4 1/2-1/2

[Event "Wednesday Jan 17th Engine Tour 9Rd Swiss 12m+1s Starts at 1600hrs ST"]
[Site "Infinity Chess"]
[Date "2018.1.17"]
[Round "6"]
[White "angriff"]
[Black "star99"]
[Result "1/2-1/2"]
[ECO "B90"]
[WhiteElo "2485"]
[BlackElo "2403"]
[WhiteEngine "Raubfisch ME262_GTZ16b2_CTG"]
[BlackEngine "Cryptic AIL V1"]
[EventType "Swiss"]
[WhiteTeam ""]
[BlackTeam ""]
[PlyCount "134"]
[TimeControl "720+1"]

1. e4 c5 2. Nf3 d6 3. d4 cxd4 4. Nxd4 Nf6 5. Nc3 a6 6. Be3 e5 7. Nf3 Be7 
8. Bc4 O-O 9. O-O Be6 10. Bb3 Nc6 11. Qe2 Na5 12. Rfd1 Qe8 13. Bg5 Nxb3 
14. axb3 Nh5 15. Rd2 Rc8 16. Bxe7 Nf4 17. Qe3 Qxe7 18. Ne1 f5 19. Rad1 Rc6 
20. Nd3 fxe4 21. Nxf4 Rxf4 22. Nxe4 d5 23. Ng3 Qc7 24. c3 Bf7 25. h3 h6 
26. Re2 d4 27. cxd4 exd4 28. Rxd4 Rxd4 29. Qxd4 Rd6 30. Qg4 Rg6 31. Qa4 Kh7 
32. Re3 Qc1+ 33. Kh2 Rf6 34. Re2 Qc7 35. Qe4+ Bg6 36. Qe3 Qf4 37. f3 Qxe3 
38. Rxe3 Rb6 39. Nf1 Rc6 40. Ng3 b5 41. h4 Rc2 42. Re2 b4 43. h5 Bd3 44. Re3 Bb5 
45. Re7 Rxb2 46. Nf5 Kh8 47. Rxg7 Bd3 48. Rf7 Rxb3 49. Nxh6 Rc3 50. Ng4 Rc5 
51. h6 b3 52. Nf6 Rc8 53. Rb7 Bc2 54. g4 a5 55. f4 Rf8 56. g5 a4 57. Nd7 Rf7 
58. Rb8+ Kh7 59. Nf6+ Kg6 60. h7 Rxh7+ 61. Nxh7 Kxh7 62. f5 Bxf5 63. Rb7+ Kg6 
64. Rb4 Kxg5 65. Kg2 Bc2 66. Rxa4 b2 67. Rb4 b1=Q 1/2-1/2

[Event "Wednesday Jan 17th Engine Tour 9Rd Swiss 12m+1s Starts at 1600hrs ST"]
[Site "Infinity Chess"]
[Date "2018.1.17"]
[Round "6"]
[White "ocirema"]
[Black "marudam"]
[Result "1/2-1/2"]
[ECO "C53"]
[WhiteElo "2421"]
[BlackElo "2445"]
[WhiteEngine "stockfish_18011309_x64_modern_CTG"]
[BlackEngine "stockfish291217_CTG"]
[EventType "Swiss"]
[WhiteTeam ""]
[BlackTeam ""]
[PlyCount "101"]
[TimeControl "720+1"]

1. e4 e5 2. Nf3 Nc6 3. Bc4 Bc5 4. c3 Nf6 5. d4 exd4 6. e5 d5 7. Bb5 Ne4 
8. cxd4 Bb6 9. O-O Bg4 10. a4 a5 11. Nc3 O-O 12. Bxc6 bxc6 13. h3 Bh5 14. Be3 f6 
15. g4 Bg6 16. exf6 Qxf6 17. Ne5 Qh4 18. Nxg6 hxg6 19. Nxe4 dxe4 20. Kg2 Rf3 
21. Rh1 Raf8 22. Qd2 Qe7 23. Rac1 Kh7 24. Qe2 Qd6 25. Rc4 Kg8 26. Rh2 Qd7 
27. Rc1 Kh7 28. Rc4 Qe6 29. Rh1 Qd7 30. b3 Qf7 31. Kg1 Qd5 32. Rh2 Qd6 
33. Qd2 Rd8 34. Qe2 Kg8 35. h4 Qe6 36. Rg2 Rd5 37. Qc2 Rd6 38. Kh2 Kh7 
39. Rg3 Rxg3 40. Kxg3 Bxd4 41. Bxd4 Rxd4 42. Rxd4 Qe5+ 43. Kh3 Qxd4 44. Qxc6 e3 
45. h5 gxh5 46. gxh5 exf2 47. Qg6+ Kh8 48. Qe8+ Kh7 49. Qg6+ Kh8 50. Qe8+ Kh7 
51. Qg6+ 1/2-1/2

[Event "Wednesday Jan 17th Engine Tour 9Rd Swiss 12m+1s Starts at 1600hrs ST"]
[Site "Infinity Chess"]
[Date "2018.1.17"]
[Round "6"]
[White "incredible"]
[Black "BraveDevil"]
[Result "1/2-1/2"]
[ECO "E10"]
[WhiteElo "2450"]
[BlackElo "2369"]
[WhiteEngine "Stockfish_x64_bmi2"]
[BlackEngine "Cryptic AIL V1"]
[EventType "Swiss"]
[WhiteTeam ""]
[BlackTeam ""]
[PlyCount "95"]
[TimeControl "720+1"]

1. d4 Nf6 2. c4 e6 3. Nf3 d5 4. Nc3 Bb4 5. Bg5 O-O 6. e3 c5 7. cxd5 exd5 
8. dxc5 Bxc3+ 9. bxc3 Be6 10. Qb3 Nbd7 11. Qxb7 Nxc5 12. Qb4 Rc8 13. Be2 Nce4 
14. Rc1 h6 15. Bh4 Qb6 16. Qxb6 axb6 17. Bxf6 Nxf6 18. Nd4 Ne4 19. O-O Rxc3 
20. Ra1 Ra3 21. Rfb1 Rfa8 22. Rxb6 Rxa2 23. Rxa2 Rxa2 24. Rb8+ Kh7 25. g4 g6 
26. Rb7 Kg8 27. Rc7 h5 28. f3 Nd2 29. gxh5 gxh5 30. Kf2 Nc4 31. Rc6 Ne5 
32. Rc2 Ra3 33. Nb5 Ra1 34. f4 Ng4+ 35. Bxg4 Bxg4 36. Nd4 Kg7 37. Rc3 Kg6 
38. Rc5 Ra2+ 39. Kg3 Ra3 40. f5+ Bxf5 41. Rxd5 Rxe3+ 42. Kf4 Be6 43. Rg5+ Kh6 
44. Rxh5+ Kxh5 45. Kxe3 Bg4 46. Nc6 Kg5 47. Ne5 Bh5 48. Nd3 1/2-1/2

[Event "Wednesday Jan 17th Engine Tour 9Rd Swiss 12m+1s Starts at 1600hrs ST"]
[Site "Infinity Chess"]
[Date "2018.1.17"]
[Round "6"]
[White "Cepri"]
[Black "Thinker"]
[Result "1/2-1/2"]
[ECO "C50"]
[WhiteElo "2442"]
[BlackElo "2448"]
[WhiteEngine "asmFishW_12J18Mb_CTG"]
[BlackEngine "BrainFish_180113_x64_modern_CTG"]
[EventType "Swiss"]
[WhiteTeam ""]
[BlackTeam ""]
[PlyCount "73"]
[TimeControl "720+1"]

1. e4 e5 2. Nf3 Nc6 3. Bc4 Bc5 4. O-O Nf6 5. d3 d6 6. c3 O-O 7. Nbd2 a5 8. a3 h6 
9. h3 Be6 10. Bxe6 fxe6 11. Nb3 Bb6 12. Be3 Bxe3 13. fxe3 d5 14. Nbd2 a4 
15. Rc1 Qd6 16. c4 dxe4 17. Nxe4 Nxe4 18. dxe4 Rfd8 19. Qe2 Na5 20. Nh4 Nb3 
21. Rcd1 Qe7 22. Nf3 Rxd1 23. Rxd1 Qf6 24. Qd3 Nc5 25. Qc3 Nxe4 26. Qxe5 Qxe5 
27. Nxe5 Ra6 28. Rd8+ Kh7 29. g4 Rd6 30. Rc8 Rd1+ 31. Kg2 Rd2+ 32. Kf3 Ng5+ 
33. Kg3 Ne4+ 34. Kf4 Ng5 35. Kg3 Ne4+ 36. Kf4 Ng5 37. Kg3 1/2-1/2

[Event "Wednesday Jan 17th Engine Tour 9Rd Swiss 12m+1s Starts at 1600hrs ST"]
[Site "Infinity Chess"]
[Date "2018.1.17"]
[Round "6"]
[White "Harry_Potter"]
[Black "RonWeasley"]
[Result "1/2-1/2"]
[ECO "C12"]
[WhiteElo "2464"]
[BlackElo "2454"]
[WhiteEngine "Stockfish_18011309_x64_bmi2_CTG"]
[BlackEngine "BrainFish 130117_CTG"]
[EventType "Swiss"]
[WhiteTeam ""]
[BlackTeam ""]
[PlyCount "129"]
[TimeControl "720+1"]

1. e4 e6 2. d4 d5 3. Nc3 Nf6 4. Bg5 Bb4 5. e5 h6 6. Be3 Ne4 7. Qg4 g6 
8. a3 Bxc3+ 9. bxc3 Nxc3 10. Bd3 b6 11. h4 c5 12. dxc5 bxc5 13. Bxc5 Ne4 
14. Bxe4 Qc7 15. Bd3 Qxc5 16. Nf3 Qc3+ 17. Ke2 Nd7 18. Qb4 Qc7 19. Qf4 a5 
20. Rhc1 O-O 21. Rab1 Kg7 22. c4 dxc4 23. Bxc4 Qa7 24. h5 Bb7 25. Bb5 Bxf3+ 
26. gxf3 Rac8 27. Rxc8 Rxc8 28. hxg6 fxg6 29. Kf1 g5 30. Qe4 Rb8 31. a4 Nf8 
32. f4 Qb7 33. Qxb7+ Rxb7 34. fxg5 hxg5 35. Rd1 Ng6 36. Rd6 Rc7 37. Rxe6 Nf4 
38. Rc6 Rxc6 39. Bxc6 Kf7 40. Bd7 Ng6 41. Bf5 Nxe5 42. Be4 Ke6 43. Kg2 Kf7 
44. f3 Kf6 45. Kg3 Kf7 46. f4 gxf4+ 47. Kxf4 Kf6 48. Bb1 Ke6 49. Ba2+ Kd6 
50. Bb1 Ke6 51. Ba2+ Kf6 52. Bb1 Nd7 53. Ba2 Nc5 54. Bc4 Nxa4 55. Ke4 Nc3+ 
56. Kd3 Na4 57. Ba2 Ke7 58. Kc4 Kd6 59. Bb1 Kc6 60. Be4+ Kb6 61. Bf3 Nb2+ 
62. Kc3 Na4+ 63. Kc4 Nb2+ 64. Kc3 Na4+ 65. Kc4 1/2-1/2

[Event "Wednesday Jan 17th Engine Tour 9Rd Swiss 12m+1s Starts at 1600hrs ST"]
[Site "Infinity Chess"]
[Date "2018.1.17"]
[Round "6"]
[White "KhalidOmar"]
[Black "Eman"]
[Result "1/2-1/2"]
[ECO "C58"]
[WhiteElo "2458"]
[BlackElo "2470"]
[WhiteEngine "Eman 1.62 64-bit BMI2"]
[BlackEngine "Eman 1.62 64-bit POPCNT"]
[EventType "Swiss"]
[WhiteTeam ""]
[BlackTeam ""]
[PlyCount "71"]
[TimeControl "720+1"]

1. e4 e5 2. Nf3 Nc6 3. Bc4 Nf6 4. Ng5 d5 5. exd5 Na5 6. Bb5+ c6 7. dxc6 bxc6 
8. Bd3 Nd5 9. h4 h6 10. Qh5 Qf6 11. Ne4 Qe6 12. Ng5 Qf6 13. Nh7 Rxh7 14. Bxh7 g6 
15. Qe2 Nf4 16. Qf3 Bb7 17. Nc3 Qg7 18. d3 c5 19. Ne4 O-O-O 20. Bxf4 exf4 
21. Qg4+ f5 22. Qxg6 fxe4 23. Qxg7 Bxg7 24. Bxe4 Bxe4 25. dxe4 Bxb2 26. Rd1 Re8 
27. Rd5 Rxe4+ 28. Kd1 Rc4 29. Re1 Nc6 30. Re6 Nd4 31. Rxh6 Rxc2 32. Rh7 Rc3 
33. Kd2 Rc2+ 34. Kd1 Rc1+ 35. Kd2 Rc2+ 36. Kd1 1/2-1/2

[Event "Wednesday Jan 17th Engine Tour 9Rd Swiss 12m+1s Starts at 1600hrs ST"]
[Site "Infinity Chess"]
[Date "2018.1.17"]
[Round "6"]
[White "Ninja_Bp"]
[Black "SkyPilot"]
[Result "1/2-1/2"]
[ECO "A06"]
[WhiteElo "2460"]
[BlackElo "2470"]
[WhiteEngine "Houdini 6"]
[BlackEngine "stockfish_x64_bmi2_2018_01_13_CTG"]
[EventType "Swiss"]
[WhiteTeam ""]
[BlackTeam ""]
[PlyCount "227"]
[TimeControl "720+1"]

1. Nf3 d5 2. d4 Nf6 3. e3 c5 4. c4 e6 5. a3 h6 6. Nc3 dxc4 7. Bxc4 a6 8. O-O b5 
9. Ba2 Bb7 10. Qe2 c4 11. e4 Nbd7 12. d5 e5 13. a4 Qb6 14. Bb1 Bc5 15. Nd1 O-O 
16. Ne3 g6 17. Bc2 Rfe8 18. Bd2 Bd4 19. Bc3 Rab8 20. Rfd1 Bxc3 21. bxc3 Nc5 
22. Nd2 Bc8 23. g3 Bd7 24. Ra3 Kg7 25. f3 Qd6 26. Rda1 Rb7 27. Qe1 Rc8 
28. axb5 axb5 29. Nd1 h5 30. h4 Rb6 31. Kg2 Ra6 32. Rxa6 Nxa6 33. Nf1 Nc5 
34. Nf2 Rf8 35. Qe3 Re8 36. Ra2 Qe7 37. Bd1 Qd6 38. Ra5 Qb6 39. Ra3 Qd6 
40. Ra7 Qb6 41. Ra1 Qd6 42. Bc2 Rc8 43. Nd2 Re8 44. Ra7 Rc8 45. Bd1 Qb6 
46. Ra1 Qd6 47. Be2 Na4 48. g4 Nh7 49. Bd1 Nc5 50. Bc2 Kg8 51. Nf1 Qf6 
52. Kg3 Qe7 53. Nd2 Kg7 54. Ra7 Qf6 55. Nf1 hxg4 56. fxg4 Qb6 57. Ra1 Nf6 
58. Kf3 b4 59. cxb4 Qxb4 60. g5 Nh5 61. Qa3 Qb8 62. Ne3 Nb3 63. Bxb3 cxb3 
64. Rb1 Rc3 65. Qa5 Rc8 66. Qa3 Rc3 67. Qa5 Rc8 68. Qa1 f5 69. gxf6+ Nxf6 
70. Qa3 Rf8 71. Rxb3 Qd8 72. Ke2 Nh5 73. Ned1 Rf7 74. Qa1 Qf6 75. Ke1 Qf4 
76. Qb2 Kh7 77. Rb7 Nf6 78. Qe2 Qxh4 79. Qf3 Kg7 80. Qc3 Qh2 81. Qe3 Qg2 
82. Qa7 Kh6 83. Qe3+ g5 84. Nc3 Rf8 85. Qe2 Qg1+ 86. Qf1 Qg3 87. Qd3 Qg2 
88. Qf1 Qg3 89. Qd3 Qh2 90. Qa6 Kh5 91. Qe2+ Kg6 92. Nd3 Qg3+ 93. Kd2 Bg4 
94. Qe1 Qg2+ 95. Kc1 Nd7 96. Qd2 Rf1+ 97. Kc2 Qg3 98. Rb1 Rxb1 99. Nxb1 Qg1 
100. Qc3 Qg3 101. Qc6+ Kh5 102. Nb2 Qe3 103. Nd2 Qd4 104. Qc7 Kh4 105. Qd6 Nc5 
106. Qh6+ Kg3 107. Qxg5 Nxe4 108. Nxe4+ Qxe4+ 109. Kb3 Qxd5+ 110. Nc4 Qd4 
111. Nxe5 Qd1+ 112. Kb2 Qe2+ 113. Kc3 Qe1+ 114. Kc4 1/2-1/2

[Event "Wednesday Jan 17th Engine Tour 9Rd Swiss 12m+1s Starts at 1600hrs ST"]
[Site "Infinity Chess"]
[Date "2018.1.17"]
[Round "6"]
[White "MarioDeMonti"]
[Black "Marsell"]
[Result "1/2-1/2"]
[ECO "C55"]
[WhiteElo "2452"]
[BlackElo "2475"]
[WhiteEngine "stockfish_x64_bmi2_2018_01_13_CTG"]
[BlackEngine "asmFishW_2018-01-11_popcnt"]
[EventType "Swiss"]
[WhiteTeam ""]
[BlackTeam ""]
[PlyCount "122"]
[TimeControl "720+1"]

1. e4 e5 2. Nf3 Nc6 3. Bc4 Nf6 4. d3 Bc5 5. c3 d6 6. O-O O-O 7. Bg5 h6 8. Bh4 a6 
9. Nbd2 Ba7 10. Bb3 Na5 11. Ba4 g5 12. Bg3 Nh5 13. b4 Nxg3 14. hxg3 Nc6 
15. Bxc6 bxc6 16. Nb3 Re8 17. Qd2 Rb8 18. Rfe1 Bd7 19. Rac1 Qe7 20. a3 Qe6 
21. Na5 Bb6 22. Nc4 Ba7 23. Rcd1 Kg7 24. Ra1 Qg6 25. a4 Kh8 26. Ne3 Kg8 
27. a5 Rb7 28. Nc2 f5 29. exf5 Bxf5 30. Rad1 Rbb8 31. Nh2 Be6 32. Nf3 Bf5 
33. Ne3 Bxd3 34. Qxd3 Qxd3 35. Rxd3 e4 36. Rdd1 exf3 37. gxf3 h5 38. Kg2 Kf7 
39. Re2 Re7 40. Rh1 Kg6 41. f4 Rbe8 42. Rhe1 c5 43. fxg5 Kxg5 44. f4+ Kg6 
45. Kf3 cxb4 46. cxb4 c6 47. Nc2 Rxe2 48. Rxe2 Rxe2 49. Kxe2 Kf7 50. b5 cxb5 
51. Nb4 Bd4 52. Nxa6 Bc3 53. Nc7 Bxa5 54. Nxb5 d5 55. Ke3 Bb4 56. Kd4 Kg6 
57. Kxd5 Kf5 58. Nd4+ Kg4 59. f5 h4 60. gxh4 Kxh4 61. Ke6 Kh5 1/2-1/2

[Event "Wednesday Jan 17th Engine Tour 9Rd Swiss 12m+1s Starts at 1600hrs ST"]
[Site "Infinity Chess"]
[Date "2018.1.17"]
[Round "6"]
[White "Dovahkiin"]
[Black "Vimtiroba"]
[Result "1/2-1/2"]
[ECO ""]
[WhiteElo "2409"]
[BlackElo "2504"]
[WhiteEngine "BrainFish_180113_x64_modern_CTG"]
[BlackEngine "SF@Infinity T1_CTG"]
[EventType "Swiss"]
[WhiteTeam ""]
[BlackTeam ""]
[PlyCount "100"]
[TimeControl "720+1"]

1. e3 c5 2. d3 Nf6 3. d4 d5 4. Nf3 e6 5. Be2 cxd4 6. exd4 Nc6 7. O-O Bd6 
8. b3 O-O 9. Bb2 b6 10. g3 Bb7 11. Nbd2 Rc8 12. a4 Ne7 13. Bd3 Ne4 14. Qe2 Qc7 
15. Rfc1 Nc3 16. Qe1 Bb4 17. Qf1 Qd8 18. Nb1 Ne4 19. c3 Bd6 20. Nbd2 e5 
21. Ba6 Nxd2 22. Nxd2 Bxa6 23. Qxa6 e4 24. c4 Bb4 25. Nf1 f5 26. cxd5 Nxd5 
27. Qe2 Qd7 28. Rxc8 Qxc8 29. Rc1 Qe6 30. Qc4 Kf7 31. Ne3 Nxe3 32. fxe3 Qxc4 
33. Rxc4 Bd6 34. Bc3 Re8 35. Bb4 Bxb4 36. Rxb4 Rc8 37. Rc4 Rxc4 38. bxc4 g5 
39. Kf2 Ke6 40. h4 g4 41. Ke2 Kd7 42. h5 Kd6 43. Kd2 a5 44. Kc3 Kc7 45. h6 Kd6 
46. Kd2 Kd7 47. Kc3 Kd6 48. Kd2 Ke7 49. Kc2 Ke6 50. Kc3 Kd6 1/2-1/2

[Event "Wednesday Jan 17th Engine Tour 9Rd Swiss 12m+1s Starts at 1600hrs ST"]
[Site "Infinity Chess"]
[Date "2018.1.17"]
[Round "6"]
[White "Gilgamesch"]
[Black "hafaba"]
[Result "1/2-1/2"]
[ECO "B00"]
[WhiteElo "2483"]
[BlackElo "2479"]
[WhiteEngine "BrainFish_171005_x64_bmi2"]
[BlackEngine "Stockfish SL 07012018 POPCNT_CTG"]
[EventType "Swiss"]
[WhiteTeam ""]
[BlackTeam ""]
[PlyCount "134"]
[TimeControl "720+1"]

1. e4 Nc6 2. d4 d5 3. e5 Bf5 4. Nf3 e6 5. c3 f6 6. Bb5 Nge7 7. exf6 gxf6 
8. Nh4 Bg6 9. O-O Qd7 10. Nd2 Nf5 11. Ndf3 O-O-O 12. Nxf5 Bxf5 13. Nh4 Be4 
14. Bf4 a6 15. Ba4 Kb8 16. Qd2 Bd6 17. Bxd6 Qxd6 18. Rae1 Ne7 19. g3 h5 
20. f3 Bf5 21. Nxf5 exf5 22. Qe2 Nc8 23. Qe6 Rdg8 24. Qxd6 Nxd6 25. Bb3 c6 
26. Kf2 h4 27. Rh1 a5 28. a3 Kc7 29. a4 Rg7 30. Reg1 Rgh7 31. g4 f4 32. Re1 Kd7 
33. Bc2 Re7 34. Rxe7+ Kxe7 35. Bd3 b5 36. Ra1 bxa4 37. Rxa4 Rb8 38. b4 axb4 
39. Rxb4 Rxb4 40. cxb4 Ne8 41. Bc2 Nc7 42. Ba4 Kd6 43. Ke2 Ne6 44. Kd3 Ng5 
45. Bd1 Kc7 46. Kc3 Kb6 47. Kd3 Kb5 48. Kc3 Ne6 49. Bc2 Nc7 50. Bd1 Ne6 
51. Bc2 Ng5 52. Bd1 Kb6 53. Kd3 Ka6 54. Kc3 Nh3 55. Ba4 Ng5 56. Bxc6 Nxf3 
57. Bxd5 Nxh2 58. Kd3 Nxg4 59. Ke4 Ne3 60. Ba8 Ka7 61. Kxf4 Nc2 62. Bd5 Nxd4 
63. Bc4 Nc2 64. Bf1 Nxb4 65. Bg2 h3 66. Bxh3 Kb6 67. Bd7 Nd5+ 1/2-1/2